 Seeded DCSS version 0.28-a0-1555-g9ae15a6949 (webtiles) character file.

Game seed: 48 (custom seed)

51 knot the Chopper (level 3, 25/43 HPs)
             Began as a Demonspawn Berserker on Jan 19, 2022.
             Was a Follower of Trog.
             Quit the game on level 2 of the Dungeon.
             The game lasted 00:00:48 (1908 turns).

knot the Chopper (Demonspawn Berserker)             Turns: 1908, Time: 00:00:49

Health: 25/43      AC:  2    Str: 17    XL:     3   Next: 57%
Magic:  3/3        EV: 12    Int: 10    God:    Trog [*.....]
Gold:   56         SH:  4    Dex: 12    Spells: 2/2 levels left

rFire   . . .      SeeInvis .   a - +0 hand axe
rCold   . . .      Faith    .   (no shield)
rNeg    . . .      Spirit   .   b - +0 animal skin
rPois   .          Reflect  .   (no helmet)
rElec   .          Harm     .   (no cloak)
rCorr   .          Rampage  .   (no gloves)
Will    .....                   (no boots)
Stlth   ..........              (no amulet)
HPRegen 0.14/turn               (no ring)
MPRegen 0.08/turn               (no ring)

@: berserking, very quick
A: condensation shield, demonic touch 1
a: Renounce Religion, Berserk


You were on level 2 of the Dungeon.
You worshipped Trog.
Trog was aware of your devotion.
You visited 1 branch of the dungeon, and saw 2 of its levels.

You collected 56 gold pieces.

Inventory:

Hand Weapons
 a - a +0 hand axe (weapon)
Missiles
 e - 36 stones (quivered)
 h - 21 sling bullets
Armour
 b - a +0 animal skin (worn)
Jewellery
 d - an amulet of magic regeneration
Scrolls
 c - 4 scrolls of identify {unknown}
 f - a scroll of summoning {unknown}
 g - a scroll of magic mapping {unknown}
 i - a scroll of immolation {unknown}


   Skills:
 - Level 3.0 Fighting
 + Level 4.2 Axes
 - Level 1.7 Armour
 - Level 1.7 Dodging


You had 2 spell levels left.
You didn't know any spells.
Your spell library was empty.

Dungeon Overview and Level Annotations

Branches:
Dungeon (2/15)

Altars:

Annotations:
D:2 Jessica


Innate Abilities, Weirdness & Mutations

A meltable shield of frost defends you. (SH +4)
Your touch may inflict minor irresistible damage on your foes.


Message History

You see here a quokka corpse.
There is a stone staircase leading down here.
You now have 56 gold pieces (gained 15).
As you open the door, it creaks loudly!
A worm comes into view.
You hear a shout!
You hear an angry hiss. x2
Natasha, Servant of Life and Death comes into view.
There is an open door here.
Jessica the Apprentice Sorceress comes into view.
She is wielding a +0 dagger.
There are monsters nearby!
The worm bites you.
There are monsters nearby!
You hit the worm.
The worm is lightly wounded.
There are monsters nearby!
You hit the worm but do no damage.
The worm is lightly wounded.
You hit Natasha. Natasha claws you. The worm bites you.
You closely miss Natasha.
You touch Natasha.
Natasha is severely wounded.
You hit the worm.
An adder comes into view.
Natasha misses you. The worm barely misses you.
The adder moves out of view.
A red film seems to cover your vision as you go berserk!
You feel yourself moving faster!
You feel mighty!
Natasha stares at you and mumbles some strange words.
You resist with significant effort.
You slash Natasha!
You kill Natasha!
Trog accepts your kill.
Trog appreciates your killing of a magic user.
Natasha yowls pathetically as she dies!
You hit the worm. The worm bites you but does no damage.
Your Axes skill increases to level 4!
You have reached level 3!
Your experience leads to an increase in your attributes!
Increase (S)trength, (I)ntelligence, or (D)exterity?
You feel clever. x2; Your demonic ancestry asserts itself...
Frost condenses into a shield before you.
Are you sure you want to abandon this character and quit the game? (Confirm with "yes".)

#### ## ...###.###
#...#.... ......# ....#
#w.# #@# #. #@# ###.####
##'## ......# ##...##
#.##.### ##.....##
#......###.......#
#.###...#.##.>......@.#
...........'†...........
#####†..#.##..........#.


You could see a worm and Jessica.

Vanquished Creatures
  Natasha (D:2)
  A dart slug (D:1)
  3 endoplasms
  A giant cockroach (D:1)
  A hobgoblin (D:1)
  2 quokkas
  5 ball pythons
  3 bats (D:2)
  A frilled lizard (D:1)
  3 kobolds
  6 rats
27 creatures vanquished.

Notes
Turn   | Place    | Note
-------+----------+-------------------------------------------
     0 | D:1      | knot the Demonspawn Berserker began the quest for the Orb.
     0 | D:1      | Reached XP level 1. HP: 18/18 MP: 1/1
   193 | D:1      | Reached skill level 3 in Axes
   614 | D:1      | Gained mutation: Your touch may inflict minor irresistible
                  | damage on your foes. [demonic ancestry]
   614 | D:1      | Reached XP level 2. HP: 5/24 MP: 2/2
  1900 | D:2      | Noticed Natasha
  1901 | D:2      | Noticed Jessica
  1907 | D:2      | Killed Natasha
  1908 | D:2      | Reached skill level 4 in Axes
  1908 | D:2      | Gained mutation: A meltable shield of frost defends you.
                  | (SH +4) [demonic ancestry]
  1908 | D:2      | Reached XP level 3. HP: 25/29 MP: 3/3
  1908 | D:2      | Quit the game

Illustrated notes

Levels and vault maps discovered:
D:1:      roderic_chinese_lattice_arrival, layout_loops_cross,
          minmay_pentomino_w2
D:2:      layout_loops_corners, uniq_jessica, uniq_natasha

Skill      XL: |  1  2 |
---------------+-------+-----
Axes           | 3 4 |  4.2
Fighting       | |  3.0
Armour         | |  1.7
Dodging        | |  1.7

Action                   || total
-------------------------++-------
Melee: Hand axe          ||    71
       Touch             ||     8
Invok: Berserk           ||     3
 Stab: Sleeping          ||     1
Armor: Animal skin       ||     6
Dodge: Dodged            ||    40

Table legend: (Time is in decaauts)
 A = Elapsed time spent in this place.
 B = Non-inter-level travel time spent in this place.
 C = Inter-level travel time spent in this place.
 D = Time resting spent in this place.
 E = Time spent auto-exploring this place.
 F = Levels seen in this place.
 G = Mean time per level.
                   A        B        C        D        E       F      G
               +--------+--------+--------+--------+--------+-----+--------+
         Total |   1938 |   1922 |     16 |    747 |   1002 |   2 |  969.0 |
       Dungeon |   1938 |   1922 |     16 |    747 |   1002 |   2 |  969.0 |
               +--------+--------+--------+--------+--------+-----+--------+

Top non-repeatable levels by time:
     D:1: 1469 daAuts
     D:2: 468 daAuts
